 Dungeon Crawl Stone Soup version 0.17-a0-2055-gb4e23be (webtiles) character file.

16 Ijustatesigmund the Insei (level 2, -1/18 HPs)
             Began as an Octopode Transmuter on Oct 11, 2015.
             Slain by a giant gecko (5 damage)
             ... on level 2 of the Dungeon.
             The game lasted 00:01:32 (1368 turns).

Ijustatesigmund the Insei (Octopode Transmuter)     Turns: 1368, Time: 00:01:32

Health: -1/18      AC:  1    Str:  9    XL:     2   Next: 54%
Magic:  5/5        EV: 12    Int: 15    God:
Gold:   63         SH:  0    Dex: 12    Spells: 2 memorised, 2 levels left

rFire  . . .     SeeInvis .       - Unarmed
rCold  . . .     Clarity  .     (no shield)
rNeg   . . .     SustAt   .     (helmet restricted)
rPois  .         Gourm    .     (no amulet)
rElec  .         Spirit   .     (no ring)
rCorr  .         Warding  .     (no ring)
rMut   .         Stasis   .     (no ring)
MR     .....                    (no ring)
Stlth  +++.......               (no ring)
                                (no ring)
                                (no ring)
                                (no ring)

@: not resistant to hostile enchantments, fairly stealthy
A: almost no armour, amphibious, 8 rings, constrict 8, camouflage 1, gelatinous
body 1
a: no special abilities


You were on level 2 of the Dungeon.
You were not hungry.

You visited 1 branch of the dungeon, and saw 2 of its levels.

You collected 63 gold pieces.

Inventory:

Hand Weapons
 d - a +0 dagger
Missiles
 a - 12 arrows
 i - 8 tomahawks (quivered)
Scrolls
 e - a scroll of remove curse {unknown}
 f - a scroll of fog {unknown}
 g - a scroll of immolation {unknown}
 h - 2 scrolls of identify {unknown}
Books
 b - a book of Changes

   Spells                             Type                      Level
   a - Beastly Appendage              Transmutation                1
   b - Sticks to Snakes               Transmutation                2
   c - Spider Form                    Transmutation/Poison         3
   d - Ice Form                       Ice/Transmutation            4
   e - Blade Hands                    Transmutation                5
Comestibles
 c - a bread ration


   Skills:
 - Level 1.0 Fighting
 - Level 2.0 Dodging
 + Level 1.9 Stealth
 + Level 3.3 Unarmed Combat
 - Level 2.0 Spellcasting
 + Level 2.2 Transmutations


You had 2 spell levels left.
You knew the following spells:

 Your Spells              Type           Power        Failure   Level  Hunger
a - Beastly Appendage     Trmt           #.....       12%         1    #......
b - Sticks to Snakes      Trmt           #.........   14%         2    ###....


Dungeon Overview and Level Annotations

Branches:
Dungeon (2/15)

Altars:


Innate Abilities, Weirdness & Mutations

You cannot wear most types of armour.
You are amphibious.
You can wear up to eight rings at the same time.
You can use your tentacles to constrict eight enemies at once.
Your skin changes colour to match your surroundings (Stealth).
Your rubbery body absorbs attacks (AC +1).


Message History

The goblin hits you.
You tentacle-slap the goblin. Your grab misses the goblin.
The goblin is moderately wounded.
The giant gecko barely misses you. The goblin closely misses you.
The goblin misses you. The giant gecko completely misses you.
You tentacle-slap the goblin.
You kill the goblin!
The goblin misses you. The giant gecko bites you.
You miss the goblin. Your grab misses the goblin.
The goblin hits you but does no damage. The giant gecko bites you.
You barely miss the giant gecko. Your grab misses the giant gecko.
The goblin completely misses you. The giant gecko bites you.
* * * LOW HITPOINT WARNING * * *
You tentacle-slap the giant gecko but do no damage.
You grab the giant gecko. You constrict the giant gecko. The goblin hits you.
* * * LOW HITPOINT WARNING * * *
The giant gecko closely misses you.
You closely miss the goblin. Your grab misses the goblin.
You constrict the giant gecko. The giant gecko bites you.
You die...

. ######## ...##
#......#
#....####......#
#....<....l.(.#
...........@g<..#
......####......#
...... #......#
....$ #......#
..... #......#
.... ########
####


You could see a giant gecko and a goblin.

Vanquished Creatures
  2 bats (D:1)
  3 goblins
  4 hobgoblins (D:1)
  A kobold (D:1)
  A ball python (D:1)
  2 rats (D:1)
13 creatures vanquished.

Notes
Turn   | Place    | Note
--------------------------------------------------------------
     0 | D:1      | Ijustatesigmund the Octopode Transmuter began the quest for the Orb.
     0 | D:1      | Reached XP level 1. HP: 13/13 MP: 3/3
   333 | D:1      | Reached skill level 1 in Stealth
   565 | D:1      | Reached XP level 2. HP: 13/18 MP: 5/5
   569 | D:1      | Learned a level 2 spell: Sticks to Snakes
  1368 | D:2      | Slain by a giant gecko

Vault maps used:
D:1:      minmay_arrival_three_doors
D:2:      tgw_trog, uniq_robin

Action                   || total
-------------------------++-------
Melee: Unarmed           ||    35
 Stab: Sleeping          ||     1
  Eat: Chunk             ||     1
